AoeStats
← SnK | YSYSMOOO

Lombardia

507181629Analyzed
4v4 RM · 16d ago on Sep 17, 2026· 59m 58s· 8 players
Game mode
Random Map
Map size
Large (8 player)
Population
200
Speed
Normal
Resources
Standard
Victory
Conquest
Starting age
Dark Age
Ending age
Imperial Age
RankedLock teamsTeams togetherTeam positionsShared explorationLock speedFull tech treeHidden civsTurbo modeCheats
Victory
Defeat
🇺🇸 Burmese · United States
1811
+9
🇧🇪 Franks · Belgium
1651
+15
🇦🇷 Slavs · Argentina
1647
+15
🇦🇷 Persians · Argentina
1559
+19
🇧🇷 Mongols · Brazil
1682
-16
🇨🇦 Maya · Canada
1674
-16
🇧🇷 Georgians · Brazil
1651
-15
🇧🇷 Khmer · Brazil
1536
-11
Fs.BlinkAoE
0:28 Loom
10:10 Feudal Age
12:35 Fletching
15:19 Padded Archer Armor
18:35 Double-Bit Axe
18:35 Horse Collar
24:30 Castle Age
24:46 Crossbowman
25:22 Bodkin Arrow
26:29 Wheelbarrow
26:52 Ballistics
33:18 Stone Mining
33:19 Gold Mining
36:03 Stone Shaft Mining
36:41 Bow Saw
40:38 Imperial Age
38:57 Hand Cart
38:27 Town Watch
39:01 Thumb Ring
40:55 Leather Archer Armor
41:00 Heavy Plow
41:34 Bracer
41:27 Elite Plumed Archer
42:28 Conscription
43:11 Chemistry
43:45 Hoardings
44:01 Scale Mail Armor
43:31 Capped Ram
45:02 Chain Mail Armor
44:58 Forging
44:20 Pikeman
45:00 Squires
46:18 Plate Mail Armor
46:24 Iron Casting
46:35 Ring Archer Armor
46:19 Halberdier
49:15 Blast Furnace
48:22 Caravan
48:58 Arson
49:04 Siege Ram
52:51 Eagle Warrior
54:17 Holcans
54:12 Elite Eagle Warrior
Fs.Kawan
11:25 Feudal Age
12:07 Double-Bit Axe
14:58 Castle Age
13:23 Horse Collar
16:02 Bow Saw
15:52 Heavy Plow
18:55 Wheelbarrow
20:51 Gold Mining
22:07 Loom
26:52 Imperial Age
25:37 Fletching
25:55 Stone Mining
26:24 Scale Barding Armor
26:50 Hand Cart
26:21 Town Watch
27:39 Chain Barding Armor
28:55 Plate Barding Armor
28:56 Forging
31:39 Conscription
31:59 Iron Casting
33:41 Elite Monaspa
35:04 Bloodlines
34:54 Husbandry
34:47 Pikeman
35:28 Squires
36:29 Blast Furnace
35:30 Scale Mail Armor
36:35 Caravan
36:29 Guard Tower
36:21 Treadmill Crane
36:15 Halberdier
38:11 Keep
38:01 Svan Towers
39:08 Chain Mail Armor
39:10 Masonry
41:40 Architecture
42:48 Plate Mail Armor
43:06 Bodkin Arrow
44:43 Ballistics
45:24 Chemistry
44:44 Onager
47:58 Siege Onager
53:49 Aznauri Cavalry
55:29 Coinage
55:09 Guilds
57:43 Bracer
Fs.Hitshangui
10:10 Loom
12:21 Feudal Age
15:07 Castle Age
13:41 Double-Bit Axe
13:39 Horse Collar
16:05 Bow Saw
17:54 Wheelbarrow
18:31 Heavy Plow
20:06 Gold Mining
22:05 Bloodlines
21:55 Husbandry
23:14 Town Watch
26:16 Forging
28:51 Fletching
29:09 Scale Barding Armor
34:41 Caravan
39:47 Imperial Age
38:38 Iron Casting
39:10 Stone Mining
39:39 Hand Cart
41:51 Heavy Scorpion
43:40 Chemistry
42:48 Double Crossbow
44:00 Gold Shaft Mining
43:54 Ballistics
44:48 Siege Engineers
45:24 Fortified Wall
47:25 Bodkin Arrow
48:09 Conscription
54:21 Chain Barding Armor
55:01 Blast Furnace
54:02 Bracer
54:06 Light Cavalry
55:54 Plate Barding Armor
54:48 Hussar
Oni.Nego
8:00 Feudal Age
8:39 Double-Bit Axe
9:49 Horse Collar
14:02 Forging
16:49 Wheelbarrow
20:34 Castle Age
18:49 Gold Mining
19:33 Scale Barding Armor
20:50 Bloodlines
21:59 Iron Casting
22:08 Loom
24:23 Husbandry
31:33 Hand Cart
31:44 Bow Saw
33:08 Heavy Plow
34:56 Gold Shaft Mining
34:11 Stone Mining
35:06 Bow Saw
39:02 Imperial Age
38:06 Stone Shaft Mining
37:58 Caravan
37:54 Fletching
38:05 Padded Archer Armor
38:47 Town Watch
39:37 Coinage
40:45 Conscription
40:21 Bodkin Arrow
40:42 Leather Archer Armor
41:33 Chemistry
40:54 Ballistics
40:44 Masonry
41:14 Elite Mangudai
42:31 Parthian Tactics
42:38 Bracer
43:05 Masonry
43:05 Thumb Ring
43:31 Light Cavalry
47:01 Drill
47:17 Hoardings
47:19 Capped Ram
51:47 Siege Ram
53:49 Hussar
Mo_Tastic
8:58 Loom
10:44 Feudal Age
15:18 Castle Age
16:05 Gold Mining
16:34 Padded Archer Armor
16:23 Horse Collar
27:16 Wheelbarrow
27:13 Bloodlines
27:11 Husbandry
28:45 Ballistics
28:53 Hand Cart
29:09 Town Watch
29:29 Stone Mining
31:17 Scale Barding Armor
34:22 Imperial Age
32:26 Chain Barding Armor
33:51 Fletching
34:57 Gold Shaft Mining
34:57 Forging
35:26 Conscription
34:27 Elite Arambai
36:13 Chemistry
35:45 Caravan
37:04 Heavy Plow
38:51 Iron Casting
38:52 Plate Barding Armor
39:57 Siege Engineers
40:55 Parthian Tactics
44:44 Blast Furnace
43:39 Bodkin Arrow
43:11 Elite Battle Elephant
44:45 Coinage
44:25 Guilds
45:28 Scale Mail Armor
46:52 Howdah
47:24 Banking
47:00 Bracer
48:06 Onager
51:14 Masonry
55:03 Chain Mail Armor
57:21 Plate Mail Armor
57:24 Treadmill Crane
58:15 Architecture
59:41 Crop Rotation
60:10 Manipur Cavalry
FromEast
7:18 Loom
9:11 Feudal Age
7:57 Loom
11:18 Double-Bit Axe
17:19 Scale Barding Armor
18:20 Scale Barding Armor
21:44 Castle Age
22:30 Forging
22:58 Bow Saw
23:24 Chain Barding Armor
23:07 Husbandry
26:08 Iron Casting
26:33 Light Cavalry
32:00 Wheelbarrow
31:46 Stone Mining
32:48 Gold Mining
34:01 Town Watch
34:54 Gold Shaft Mining
35:20 Town Patrol
35:59 Scale Mail Armor
38:43 Imperial Age
36:32 Hand Cart
35:51 Pikeman
36:32 Squires
37:30 Chain Mail Armor
38:54 Heavy Scorpion
40:06 Siege Engineers
41:48 Chemistry
41:26 Ballistics
41:50 Plate Mail Armor
41:54 Halberdier
46:03 Caravan
46:34 Coinage
46:14 Fletching
46:59 Conscription
47:19 Hoardings
47:33 Bodkin Arrow
51:13 Blast Furnace
51:20 Plate Barding Armor
SnK | YSYSMOOO
6:38 Loom
8:52 Feudal Age
9:23 Double-Bit Axe
10:50 Horse Collar
22:57 Castle Age
21:55 Scale Barding Armor
22:55 Bloodlines
23:53 Bow Saw
24:03 Husbandry
24:26 Gold Mining
25:37 Chain Barding Armor
31:20 Wheelbarrow
32:57 Heavy Plow
32:51 Stone Mining
34:08 Hand Cart
40:05 Imperial Age
37:55 Forging
38:17 Fortified Wall
38:17 Town Watch
39:17 Iron Casting
38:56 Caravan
38:57 Detinets
40:29 Elite Boyar
41:44 Plate Barding Armor
41:59 Conscription
42:18 Plate Barding Armor
43:09 Blast Furnace
42:56 Town Patrol
42:51 Capped Ram
44:25 Fletching
46:10 Chemistry
44:38 Siege Ram
44:42 Onager
45:23 Siege Ram
46:21 Bodkin Arrow
48:07 Siege Onager
50:23 Siege Engineers
50:38 Ballistics
50:56 Hoardings
50:25 Pikeman
51:06 Scale Mail Armor
52:25 Halberdier
53:05 Squires
54:01 Chain Mail Armor
53:23 Man-at-Arms
54:13 Long Swordsman
55:24 Plate Mail Armor
57:00 Light Cavalry
AeRo
6:40 Loom
9:01 Feudal Age
9:54 Double-Bit Axe
11:12 Horse Collar
15:49 Wheelbarrow
15:34 Scale Barding Armor
19:54 Castle Age
19:44 Bloodlines
20:33 Bow Saw
20:42 Husbandry
22:41 Gold Mining
23:35 Forging
26:23 Heavy Plow
29:09 Chain Barding Armor
28:48 Town Watch
29:22 Fletching
33:07 Hand Cart
36:29 Iron Casting
36:54 Gold Shaft Mining
36:11 Stone Mining
37:32 Stone Shaft Mining
40:25 Imperial Age
39:26 Caravan
39:48 Masonry
39:59 Ballistics
40:01 Cavalier
41:17 Plate Barding Armor
41:43 Blast Furnace
41:28 Crop Rotation
42:07 Conscription
42:03 Savar
43:00 Light Cavalry
44:57 Chemistry
44:24 Capped Ram
47:17 Hussar
48:13 Bodkin Arrow
48:51 Architecture
48:17 Murder Holes
48:29 Siege Ram
54:28 Two-Man Saw
56:52 Hoardings
58:53 Padded Archer Armor
Connection lost

Rejoining the realm…

Still unreachable

The connection could not be restored.

Session expired

The server has moved on; the page needs a fresh start.